 Dungeon Crawl Stone Soup version 0.31-a0-1074-g0b22e4e0f1 (webtiles) character file.

Game seed: 12441635948485422466

732 lunkers the Martial Artist (level 8, -1/55 HPs)
             Began as a Meteoran Shapeshifter on Nov 30, 2023.
             Was an Initiate of Ru.
             Slain by Eustachio
             ... wielding a +1 rapier of flaming
              (4 damage)
             ... on level 6 of the Dungeon.
             The game lasted 00:07:17 (1700 turns).

lunkers the Martial Artist (Meteoran Shapeshifter)  Turns: 1700, Time: 00:07:17

Health: -1/55      AC: 11    Str: 15    XL:     8   Next: 24%
Magic:  9/9        EV: 16    Int: 12    God:    Ru [......]
Gold:   118        SH:  0    Dex: 16    Spells: 7/7 levels left

rFire   . .          .
                       - Unarmed
rCold   . . .        (shield currently unavailable)
rNeg    . . .        h - +3 ring mail
rPois   .            b - +0 helmet
rElec   .            l - +0 cloak
rCorr   .            i - +0 pair of gloves
SInv    +            (no boots)
Will    +....        (no amulet)
Stlth   +            m - +5 ring of evasion
HPRegen 0.29/turn    r - ring of see invisible
MPRegen 0.11/turn

%: no passive effects
@: flux-form, glowing
A: glow, contaminating, reduced hp, sense surroundings 1, otherworldly, glowing,
explore regen
a: Begin Untransformation, Renounce Religion


You were on level 6 of the Dungeon.
You worshipped Ru.
Ru was noncommittal.
You were something dangerously unstable.
You visited 2 branches of the dungeon, and saw 7 of its levels.

You collected 118 gold pieces.

Inventory:

Armour
 a - a +0 animal skin
 b - a +0 helmet (worn)
 h - a +3 ring mail (worn)
 i - a +0 pair of gloves (worn)
 l - a +0 cloak (worn)
Jewellery
 m - a +5 ring of evasion (left hand)
 r - a ring of see invisible (right hand)
Talismans
 c - a beast talisman
 d - a flux talisman (active)
Scrolls
 g - a scroll of amnesia
 p - a scroll of poison {unknown}
 q - a scroll of identify
Potions
 f - 3 potions of curing
 j - 3 potions of enlightenment
 k - 2 potions of mutation
 n - a potion of attraction {unknown}
 o - 2 potions of might {unknown}
 t - a potion of berserk rage {unknown}


   Skills:
 - Level 1.1 Fighting
 - Level 2.1 Dodging
 * Level 8.9 Unarmed Combat
 + Level 6.3 Shapeshifting


You had 7 spell levels left.
You didn't know any spells.
Your spell library contained the following spells:

 Spells                   Type           Power      Damage    Failure   Level
 Freeze                   Ice            0%         1d3       54%         1
 Blink                    Tloc           0%         N/A       69%         2
 Lesser Beckoning         Tloc           0%         N/A       69%         2
 Momentum Strike          Conj/Tloc      0%         3d8       69%         2
 Passwall                 Tmut/Erth      0%         N/A       69%         2
 Call Canine Familiar     Summ           0%         N/A       89%         3
 Frozen Ramparts          Ice            0%         1d1       89%         3
 Hailstorm                Conj/Ice       0%         3d3       89%         3
 Alistair's Intoxication  Tmut/Pois      0%         N/A       100%        5
 Irradiate                Conj/Tmut      0%         3d11      100%        5
 Summon Mana Viper        Hex/Summ       0%         N/A       100%        5


Dungeon Overview and Level Annotations

Branches:
Dungeon (6/15) Zot: 1960   Temple (1/1) D:4 Zot: 563

Altars:
Ashenzari
Dithmenos
Elyvilon
Fedhas
Gozag
Hepliaklqana
Kikubaaqudgha
Makhleb
Nemelex Xobeh
Okawaru
Qazlal
Ru
Uskayaw
Vehumet
Wu Jian
Yredelemnul
Zin
The Shining One

Annotations:
D:6 Dittersdorf's ghost, novice GrFi; Eustachio


Innate Abilities, Weirdness & Mutations

You are something dangerously unstable.
You glow with magical radiation, making you easy to see and hit.
Foes you strike become dangerously contaminated with magical radiation.
Your maximum health is decreased, since you lack skill for your form.
You are incapable of wielding weapons or throwing items.
You passively map a small area around you.
You are easily found by Zot.
You glow in the dark.
You regain HP and MP as you explore.


Message History

Eustachio blinks!
The shadow imp barely misses you.
The crimson imp hits you but does no damage.
The shadow imp closely misses you.
The crimson imp disappears for a moment.
The crimson imp misses you.
Eustachio hits you with a +1 rapier of flaming.
* * * LOW HITPOINT WARNING * * *
Eustachio burns you.
* * * LOW HITPOINT WARNING * * *
You barely miss Eustachio.
Eustachio is lightly wounded.
The shadow imp gestures at you. Pain shoots through your body!
* * * LOW HITPOINT WARNING * * *
The crimson imp barely misses you. Eustachio hits you but does no damage.
You barely miss Eustachio.
Eustachio is lightly wounded.
The shadow imp barely misses you.
You hit Eustachio.
Eustachio shudders as magic cascades through him.
Eustachio twists and deforms.
Eustachio is moderately wounded.
The crimson imp blinks!
Eustachio hits you but does no damage. The shadow imp barely misses you.
You closely miss Eustachio.
Eustachio is moderately wounded.
Eustachio hits you with a +1 rapier of flaming.
* * * LOW HITPOINT WARNING * * *
Eustachio burns you.
* * * LOW HITPOINT WARNING * * *
You miss Eustachio.
Eustachio is moderately wounded.
The shadow imp barely misses you. Eustachio barely misses you.
You hit Eustachio.
Eustachio begins to glow.
Eustachio is moderately wounded.
The shadow imp misses you.
Eustachio hits you with a +1 rapier of flaming.
You die...
Eustachio twirls his moustache.

** +# , #.# .# ,
#.#*.# * * #.# .#
,# * #?# .# , *
#., ##.# .#
#..,#..# .# *
#.#...#..##.######
......@p5†........
,
..#...#5###.######
, ,.......5., .#
*, , , ........#.
.# , *
,###...###.#.#
..... , #.# ,
..... .# , * ####*
* .# ,


You could see Eustachio (contam, misshapen), a crimson imp (summoned), a white
imp (summoned) and a shadow imp (summoned).

Vanquished Creatures
  Sigmund (D:3)
  An ice beast (D:5)
  A kobold brigand (D:6)
  2 scorpions
  A hound (D:5)
  An orc priest (D:4)
  2 iguanas
  Terence (D:3)
  Robin (D:3)
  6 adders
  2 shadow imps
  4 worms
  6 orcs
  2 bats (D:1)
  3 endoplasms
  17 goblins
  8 hobgoblins
  2 jackals (D:2)
  4 kobolds
  2 quokkas
  3 ball pythons
  3 frilled lizards
  3 rats
76 creatures vanquished.

Vanquished Creatures (others)
  A bat (D:2)
1 creature vanquished.

Grand Total: 77 creatures vanquished

Notes
Turn   | Place    | Note
-------+----------+-------------------------------------------
     0 | D:1      | lunkers the Meteoran Shapeshifter began the quest for the
                  | Orb.
     0 | D:1      | Reached XP level 1. HP: 16/16 MP: 2/2
    92 | D:1      | Reached XP level 2. HP: 23/23 MP: 3/3
   103 | D:1      | Reached skill level 4 in Unarmed Combat
   352 | D:2      | Reached XP level 3. HP: 20/28 MP: 4/4
   582 | D:2      | Reached XP level 4. HP: 6/35 MP: 5/5
   728 | D:2      | Reached skill level 5 in Unarmed Combat
   784 | D:3      | Noticed Sigmund
   789 | D:3      | Noticed Robin
   790 | D:3      | Killed Sigmund
   791 | D:3      | Reached skill level 6 in Unarmed Combat
   791 | D:3      | Reached skill level 5 in Shapeshifting
   791 | D:3      | Reached XP level 5. HP: 40/40 MP: 6/6
   791 | D:3      | Reached XP level 6. HP: 47/47 MP: 7/7
   795 | D:3      | Noticed Terence
   804 | D:3      | Killed Terence
   810 | D:3      | Killed Robin
   814 | D:3      | Reached skill level 7 in Unarmed Combat
   941 | D:3      | Got the Secrets of the Allied Gestalt
  1086 | D:4      | Reached XP level 7. HP: 38/52 MP: 8/8
  1269 | D:4      | Found a staircase to the Ecumenical Temple.
  1278 | Temple   | Entered the Ecumenical Temple
  1286 | Temple   | Became a worshipper of Ru the Awakened
  1361 | D:5      | Entered Level 5 of the Dungeon
  1524 | D:5      | Reached skill level 8 in Unarmed Combat
  1568 | D:5      | Reached XP level 8. HP: 53/59 MP: 9/9
  1613 | D:6      | Found a runed translucent gate.
  1618 | D:6      | Found a runed translucent gate.
  1619 | D:6      | Found a runed translucent gate.
  1619 | D:6      | Noticed Dittersdorf's ghost (novice GrFi)
  1620 | D:6      | Noticed a kobold demonologist
  1667 | D:6      | Noticed a smoke demon
  1673 | D:6      | HP: 1/54 [Dittersdorf's ghost (2)]
  1674 | D:6      | Noticed a soul eater
  1680 | D:6      | Noticed Eustachio
  1698 | D:6      | HP: 2/55 [Eustachio/+1 rapier of flaming (1)]
  1700 | D:6      | Slain by Eustachio

Illustrated notes

Levels and vault maps discovered:
D:1:      nzn_arrival_crosshair, layout_loops_cross
D:2:      layout_loops_ring, serial_rivers, chequers_serial_rivers_room_a,
          chequers_serial_rivers_small_b, chequers_serial_rivers_small_b,
          chequers_serial_rivers_large_b, chequers_serial_rivers_micro_c,
          chequers_serial_rivers_small_a
D:3:      cheibrodos_fertilizer, layout_basic, lightli_temple_of_fire,
          serial_glass, glass_columns_c, glass_columns_a, nrook_campfire,
          uniq_robin, uniq_sigmund, uniq_terence
D:4:      layout_layer_cave, minmay_temple_entry_large_hall, guppyfry_shop_venom
D:5:      layout_basic, uniq_blork_the_orc
D:6:      layout_basic, gammafunk_ghost_nasty_kobolds, uniq_crazy_yiuf_cottage,
          uniq_eustachio
Temple:   nicolae_temple_bog_church

Skill      XL: |  1  2  3  4  5  6  7 |
---------------+----------------------+-----
Unarmed Combat | 4 6 7 8 |  8.9
Shapeshifting  | 4 5 6 |  6.3
Fighting       | |  1.1
Dodging        | |  2.1

Action                     |  1- 3 |  4- 6 |  7- 9 || total
---------------------------+-------+-------+-------++-------
  Melee: Unarmed           |    76 |    52 |    95 ||   223
         Punch             |     1 |     1 |     1 ||     3
    Use: Potion            |       |     1 |       ||     1
         Scroll            |       |     8 |     1 ||     9
 Armour: Animal skin       |    35 |     9 |     3 ||    47
         Skin              |       |    58 |       ||    58
         Ring mail         |       |       |    37 ||    37
  Dodge: Dodged            |    41 |    26 |    78 ||   145
   Form: Flux              |       |       |     1 ||     1

Table legend: (Time is in decaauts)
 A = Elapsed time spent in this place.
 B = Non-inter-level travel time spent in this place.
 C = Inter-level travel time spent in this place.
 D = Time resting spent in this place.
 E = Time spent auto-exploring this place.
 F = Levels seen in this place.
 G = Mean time per level.
                   A        B        C        D        E       F      G
               +--------+--------+--------+--------+--------+-----+--------+
         Total |   1675 |   1617 |     58 |     21 |    940 |   7 |  239.3 |
       Dungeon |   1639 |   1581 |     58 |     21 |    940 |   6 |  273.2 |
        Temple |     36 |     36 |      0 |      0 |      0 |   1 |   36.0 |
               +--------+--------+--------+--------+--------+-----+--------+

Top non-repeatable levels by time:
     D:2: 408 daAuts
     D:3: 325 daAuts
     D:1: 317 daAuts
     D:4: 254 daAuts
     D:5: 245 daAuts
     D:6: 87 daAuts
  Temple: 36 daAuts
